 Dungeon Crawl Stone Soup version 0.31-a0-1522-g43313d8a59 (webtiles) character file.

Game seed: 5690611858738637277

192 Dirian the Covered (level 5, -3/47 HPs)
             Began as a Minotaur Fighter on Dec 30, 2023.
             Slain by Menkaure (18 damage)
             ... on level 4 of the Dungeon.
             The game lasted 00:03:00 (2381 turns).

Dirian the Covered (Minotaur Fighter)               Turns: 2381, Time: 00:03:01

Health: -3/47      AC:  8    Str: 22    XL:     5   Next: 42%
Magic:  4/4        EV:  9    Int:  5    God:
Gold:   231        SH:  4    Dex: 10    Spells: 4/4 levels left

rFire   + . .        a - +0 war axe
rCold   . . .        c - +0 buckler
rNeg    + . .        b - +0 scale mail
rPois   .            i - +0 hat
rElec   .            (no cloak)
rCorr   .            w - +0 pair of gloves
SInv    .            (no boots)
Will    .....        (no amulet) Stlth
                     e - ring of protection from fire
HPRegen 0.27/turn    o - ring of positive energy
MPRegen 0.09/turn

%: no passive effects
@: no status effects
A: horns 2, retaliatory headbutt
a: no special abilities


You were on level 4 of the Dungeon.
You visited 1 branch of the dungeon, and saw 4 of its levels.

You collected 231 gold pieces.

Inventory:

Hand Weapons
 a - a +0 war axe (weapon)
Missiles
 h - 6 boomerangs
 x - a throwing net
Armour
 b - a +0 scale mail (worn)
 c - a +0 buckler (worn)
 i - a +0 hat (worn)
 s - a +0 chain mail
 w - a +0 pair of gloves (worn)
Jewellery
 e - a ring of protection from fire (left hand)
 o - a ring of positive energy (right hand)
Wands
 v - a wand of digging (6)
Scrolls
 g - a scroll of torment {unknown}
 j - a scroll of revelation {unknown}
 k - a scroll of identify {unknown}
 n - a scroll of vulnerability {unknown}
 p - a scroll of blinking {unknown}
 r - 3 scrolls of fear {unknown}
 t - a scroll of enchant armour {unknown}
 u - 2 scrolls of teleportation {unknown}
 y - a scroll of acquirement {unknown}
 z - a scroll of fog {unknown}
Potions
 d - 2 potions of might
 f - a potion of ambrosia {unknown}
 l - a potion of curing {unknown}
 m - a potion of haste {unknown}
 q - 2 potions of enlightenment {unknown}


   Skills:
 + Level 4.4 Fighting
 + Level 4.7 Axes
 + Level 4.9 Armour
 + Level 4.5 Shields


You had 4 spell levels left.
You didn't know any spells.
Your spell library contained the following spells:

 Spells                   Type           Power      Damage    Failure   Level
 Ignite Poison            Fire/Alch      0%         N/A       100%        4
 Sticky Flame             Fire/Alch      0%         2d4       100%        4
 Ignition                 Fire           0%         3d3       100%        8


Dungeon Overview and Level Annotations

Branches:
Dungeon (4/15) Zot: 21566
 Temple: D:4-7

Altars:
Yredelemnul

Shops:
D:4 :

Annotations:
D:4 Menkaure


Innate Abilities, Weirdness & Mutations

You have a pair of horns on your head.
You reflexively headbutt those who attack you in melee.


Message History

No target in view!
No target in view!
No target in view!
No target in view!
There is an entrance to Hidaifot's Book Shoppe here.
You see here a jackal corpse.
You see here a jackal corpse.
A jackal is nearby!
A jackal is nearby!
A jackal is nearby!
The jackal barely misses you.
You miss the jackal. The jackal closely misses you.
You closely miss the jackal. Your headbutt misses the jackal.
The jackal bites you but does no damage. x2
You completely miss the jackal. Your headbutt misses the jackal.
The jackal completely misses you. You furiously retaliate!
You headbutt the jackal!
You kill the jackal!
You see here a jackal corpse.
You barely miss Menkaure. Menkaure barely misses you. You furiously retaliate!
You headbutt Menkaure. You slash Menkaure!
Menkaure is severely damaged.
You block Menkaure's attack.
You hit Menkaure.
Menkaure is almost destroyed.
Menkaure calls on the powers of darkness!
Your body is wracked with pain!
You hear a shout!
Menkaure is nearby!
Menkaure is nearby!
You hit Menkaure but do no damage.
Menkaure is almost destroyed.
An orc wizard comes into view. It is wielding a +0 dagger.
Menkaure calls on the powers of darkness!
Your body is wracked with pain!
The orc wizard convulses!
Menkaure hits you.
You barely miss Menkaure.
Menkaure is almost destroyed.
Menkaure hits you!!
You die...

# ... ..#.###
.... #.#.#.####
...##.#.#....#
............#..#
####.
#.......M..o...
..........#.#@#
.......>#.#.#.#
.....#.#∩†...#
###...#.#.#.#.#
#.......#.#.#.#
#.....#.#.#.# #
#.........#.# #
#.#...#.#.###..
####.#.....#.#
###


You could see Menkaure and an orc wizard.

Vanquished Creatures
  An iguana (D:4)
  5 adders
  4 gnolls
  A dart slug (D:2)
  2 ribbon worms (D:2)
  3 orcs (D:4)
  9 endoplasms
  5 goblins
  9 hobgoblins
  5 jackals
  A quokka (D:1)
  10 ball pythons
  7 bats (D:1)
  5 frilled lizards
  3 kobolds
  6 rats
76 creatures vanquished.

Notes
Turn   | Place    | Note
-------+----------+-------------------------------------------
     0 | D:1      | Dirian the Minotaur Fighter began the quest for the Orb.
     0 | D:1      | Reached XP level 1. HP: 19/19 MP: 0/0
   104 | D:1      | Reached XP level 2. HP: 27/27 MP: 1/1
   380 | D:1      | Reached XP level 3. HP: 25/33 MP: 2/2
   795 | D:2      | Reached XP level 4. HP: 40/40 MP: 3/3
   937 | D:2      | Found a basalt altar of Yredelemnul.
  1128 | D:2      | Found a faded altar of an unknown god.
  1140 | D:2      | You fall into a shaft and drop 1 floor!
  1881 | D:4      | Noticed Menkaure
  1920 | D:4      | Reached XP level 5. HP: 47/47 MP: 4/4
  2358 | D:4      | Found Hidaifot's Book Shoppe.
  2381 | D:4      | Slain by Menkaure

Illustrated notes

Levels and vault maps discovered:
D:1:      eino_arrival_cavern_b, layout_basic, chequers_arboretum
D:2:      layout_basic, basic_altar, shapermc_ecumenical_altar_mp_ritualfount
D:3:      layout_loops_ring
D:4:      cheibrodos_fertilizer, layout_basic, nicolae_yredelemnul_ghost_church,
          biasface_ghost_orc_armoury, serial_shops, shop,
          amcnicky_mini_corridor_feature, uniq_menkaure

Skill      XL: |  1  2  3  4 |
---------------+-------------+-----
Shields        | 4 |  4.5
Fighting       | 4 |  4.4
Armour         | 4 |  4.9
Axes           | 3 4 |  4.7

Action                     |  1- 3 |  4- 6 || total
---------------------------+-------+-------++-------
  Melee: War axe           |    58 |    83 ||   141
         Headbutt          |     9 |    16 ||    25
 Armour: Scale mail        |    40 |    47 ||    87
  Dodge: Dodged            |    31 |    38 ||    69
  Block: Buckler           |    16 |    19 ||    35

Table legend: (Time is in decaauts)
 A = Elapsed time spent in this place.
 B = Non-inter-level travel time spent in this place.
 C = Inter-level travel time spent in this place.
 D = Time resting spent in this place.
 E = Time spent auto-exploring this place.
 F = Levels seen in this place.
 G = Mean time per level.
                   A        B        C        D        E       F      G
               +--------+--------+--------+--------+--------+-----+--------+
         Total |   2432 |   2351 |     81 |    120 |   1774 |   4 |  608.0 |
       Dungeon |   2432 |   2351 |     81 |    120 |   1774 |   4 |  608.0 |
               +--------+--------+--------+--------+--------+-----+--------+

Top non-repeatable levels by time:
     D:3: 844 daAuts
     D:1: 653 daAuts
     D:2: 560 daAuts
     D:4: 372 daAuts
